 Dungeon Crawl Stone Soup version 0.20.1-1-g8b1a95d (webtiles) character file.

130 Irenicus the Insei (level 5, 0/36 HPs)
             Began as an Octopode Chaos Knight on Oct 20, 2017.
             Slain by an orc wizard
             ... wielding a +1 dagger of holy wrath
              (3 damage)
             ... on level 2 of the Dungeon.
             The game lasted 00:02:46 (1915 turns).

Irenicus the Insei (Octopode Chaos Knight)          Turns: 1915, Time: 00:02:47

Health: 0/36       AC:  1    Str:  8 (11) XL:     5   Next: 13%
Magic:  5/5        EV: 13    Int: 15 (17) God:    Xom [...*..]
Gold:   138        SH:  0    Dex: 12 (13) Spells: 4/4 levels left

rFire    . . .     SeeInvis .     - Unarmed
rCold    . . .     Gourm    .   (no shield)
rNeg     . . .     Faith    .   (helmet restricted)
rPois    .         Spirit   .   (no amulet)
rElec    .         Reflect  .   k - +3 ring of intelligence
rCorr    .         Harm     .   (no ring)
MR       .....                  (no ring)
Stlth    ++........             (no ring)
Regen    0.2/turn               (no ring)
MPRegen  0.1/turn               (no ring)
                                (no ring)
                                (no ring)

@: no status effects
A: almost no armour, stealthy swim, amphibious, 8 rings, constrict 8, camouflage
1, gelatinous body 1
a: Renounce Religion


You were on level 2 of the Dungeon.
You worshipped Xom.
You were a favourite toy of Xom.
You were very hungry.

You visited 1 branch of the dungeon, and saw 3 of its levels.

You collected 138 gold pieces.

Inventory:

Jewellery
 k - a +3 ring of intelligence (left tentacle)
Scrolls
 b - 2 scrolls of immolation {unknown}
 c - 2 scrolls of enchant weapon {unknown}
 e - 3 scrolls of teleportation {unknown}
 g - 2 scrolls of amnesia {unknown}
 h - 2 scrolls of remove curse {unknown}
 j - a scroll of fear {unknown}
Potions
 d - a potion of degeneration
 n - a potion of curing {unknown}
Books
 i - a book of Changes

   Spells                             Type                      Level
   a - Beastly Appendage              Transmutation                1
   b - Sticks to Snakes               Transmutation                2
   c - Spider Form                    Transmutation/Poison         3
   d - Ice Form                       Ice/Transmutation            4
   e - Blade Hands                    Transmutation                5
Comestibles
 a - 2 bread rations
 f - 2 meat rations


   Skills:
 - Level 3.0 Fighting
 - Level 2.3 Dodging
 + Level 5.6 Unarmed Combat


You had 4 spell levels left.
You didn't know any spells.

Dungeon Overview and Level Annotations

Branches:
Dungeon (3/15)

Altars:


Innate Abilities, Weirdness & Mutations

You cannot wear most types of armour.
You are very stealthy in the water. (Stealth+)
You are amphibious.
You can wear up to eight rings at the same time.
You can use your tentacles to constrict eight enemies at once.
Your skin changes colour to match your surroundings (Stealth+).
Your rubbery body absorbs attacks. (AC +1, EV +1)


Message History

You are confused.
You climb upwards.
There is a stone staircase leading down here.
It was a potion of degeneration.
There was something very wrong with that liquid.
You feel weakened.
You feel dopey.
You feel clumsy.
Xom roars with laughter!
The orc wizard hits you but does no damage.
It was a potion of flight.
You feel very buoyant.
You fly up into the air.
Xom roars with laughter!
The orc wizard hits you with a dagger of holy wrath.
* * * LOW HITPOINT WARNING * * *
It was a potion of cancellation.
Your magical effects are unravelling.
You feel magically purged.
You float gracefully downwards.
You feel less confused.
The orc wizard hits you with a dagger of holy wrath.
You die...

............#..#
####..# #[#
............#..#
#..# #.#
............#..##
#..# #.#
............##..#
#..#####.##
##############..#
#..#......#
#..#######..#.######
#........)..#.#
##.o#######.#.#
#.@........#.#
############.# #.#
#.# ##########.#
#<.....)...#
############


You could see an orc wizard.

Vanquished Creatures
  Crazy Yiuf (D:2)
  Terence (D:2)
  2 adders (D:2)
  An ooze (D:1)
  2 worms (D:2)
  2 dart slugs (D:1)
  6 bats
  3 giant cockroaches
  4 goblins
  7 hobgoblins
  3 jackals (D:1)
  6 kobolds
  2 ball pythons (D:2)
  A frilled lizard (D:1)
  4 rats
45 creatures vanquished.

Notes
Turn   | Place    | Note
-------+----------+-------------------------------------------
     0 | D:1      | Irenicus the Octopode Chaos Knight began the quest for the Orb.
     0 | D:1      | Reached XP level 1. HP: 16/16 MP: 1/1
    39 | D:1      | Reached XP level 2. HP: 21/21 MP: 2/2
   293 | D:1      | Reached skill level 4 in Unarmed Combat
   313 | D:1      | XOM: divination: magic mapping
   350 | D:1      | Reached XP level 3. HP: 26/26 MP: 3/3
   363 | D:1      | XOM: scenery: 1 doors close
   516 | D:1      | XOM: noise
   899 | D:2      | XOM: butterfly on damage
  1149 | D:2      | Found a runed door.
  1236 | D:2      | XOM is BORED!
  1236 | D:2      | XOM: mild Ice miscast
  1301 | D:2      | Noticed Terence
  1304 | D:2      | Killed Terence
  1304 | D:2      | Reached skill level 5 in Unarmed Combat
  1304 | D:2      | Reached XP level 4. HP: 31/31 MP: 4/4
  1816 | D:2      | Noticed Crazy Yiuf
  1824 | D:2      | Killed Crazy Yiuf
  1824 | D:2      | Reached XP level 5. HP: 19/36 MP: 5/5
  1854 | D:3      | XOM: confuse monster(s)
  1915 | D:2      | Slain by an orc wizard

Skill      XL: |  1  2  3 |
---------------+----------+-----
Unarmed Combat | 4 5 |  5.6
Fighting       | |  3.0
Dodging        | |  2.3

Action                   |  1- 3 |  4- 6 || total
-------------------------+-------+-------++-------
Melee: Unarmed           |    74 |    34 ||   108
       Constrict         |    19 |     9 ||    28
       Tentacles         |     9 |     5 ||    14
       Punch             |     2 |     1 ||     3
  Use: Potion            |       |     3 ||     3
 Stab: Sleeping          |     9 |       ||     9
       Distracted        |       |     1 ||     1
  Eat: Chunk             |       |     2 ||     2
Armor: Skin              |     7 |     3 ||    10
Dodge: Dodged            |    59 |    14 ||    73
